 Dungeon Crawl Stone Soup version 0.26-a0-784-g51bffae0b1 (webtiles) character file.

Game seed: 10952629301427167481

86 Descartes the Sneak (level 4, 0/21 HPs)
             Began as a Felid Monk on Nov 10, 2020.
             Killed by divine providence
             ... invoked by an orc priest
              (14 damage)
             ... on level 3 of the Dungeon.
             The game lasted 00:02:46 (3052 turns).

Descartes the Sneak (Felid Monk)                    Turns: 3052, Time: 00:02:46

Health: 0/21       AC:  1    Str:  8    XL:     4   Next: 26%
Magic:  5/5        EV: 19    Int: 12    God:
Gold:   94         SH:  0    Dex: 18    Spells: 3/3 levels left
                                        Lives:  0   Deaths: 1

rFire    . . .     SeeInvis +     - Unarmed
rCold    . . .     Faith    .   (shield unavailable)
rNeg     . . .     Spirit   .   (armour unavailable)
rPois    .         Reflect  .   (helmet unavailable)
rElec    .         Harm     .   (cloak unavailable)
rCorr    .         Rampage  .   (gloves unavailable)
MR       .....                  (boots unavailable)
Stlth    ++++......             (no amulet)
HPRegen  0.07/turn              (no ring)
MPRegen  0.09/turn              (no ring)

@: quick
A: very small, no armour, no weapons or thrown items, stealth, claws 1, fangs 3,
see invisible, speed 1, shaggy fur 1, sharp paws
a: no special abilities


You were on level 3 of the Dungeon.
You visited 1 branch of the dungeon, and saw 3 of its levels.

You collected 94 gold pieces.

Inventory:

Missiles
 k - 73 stones
 l - 14 arrows
Jewellery
 d - a cursed ring of teleportation {unknown}
Wands
 o - a wand of flame (15)
Scrolls
 g - a scroll of identify {unknown}
 h - 3 scrolls of remove curse {unknown}
 i - a scroll of fog {unknown}
 p - a scroll of amnesia {unknown}
Potions
 a - a potion of berserk rage {unknown}
 b - a potion of ambrosia {unknown}
 c - 2 potions of curing {unknown}
 e - a potion of lignification {unknown}
 f - 3 potions of brilliance {unknown}
 j - a potion of heal wounds {unknown}
 m - a potion of degeneration {unknown}
 n - a potion of haste {unknown}


   Skills:
 - Level 3.0 Fighting
 - Level 4.0 Dodging
 + Level 7.8 Stealth
 - Level 3.0 Unarmed Combat


You had 3 spell levels left.
You didn't know any spells.
Your spell library was empty.

Dungeon Overview and Level Annotations

Branches:
Dungeon (3/15)

Altars:


Innate Abilities, Weirdness & Mutations

You cannot wear armour.
You are incapable of wielding weapons or throwing items.
Your paws allow you to move quietly. (Stealth)
You have sharp claws.
You have razor-sharp teeth.
You have supernaturally acute eyesight. (SInv)
You cover ground quickly.
You are covered in fur. (AC +1)
Your sharp claws are effective at attacking unaware monsters.


Message History

A worm comes into view. 2 orcs and an orc priest come into view.
The orc priest is wielding a +0 vorpal flail.
An orc wizard comes into view. It is wielding a +0 dagger.
You pounce on the unaware helpless worm!
You mangle the worm!!
You kill the worm!
An orc priest comes into view. It is wielding a +3 mace.
The orc priest shouts! x2; The orc shouts!
You barely miss the orc priest.
The orc priest casts a cantrip, but nothing happens.
You scratch the orc priest.
The orc priest is moderately wounded.
The orc priest hits you with a +0 vorpal flail.
You scratch the orc priest.
The orc priest is heavily wounded.
The orc priest invokes the aid of Beogh against you.
Beogh smites you!
Ouch! That really hurt!
You die...

#############.#
#.......)..<..#
#.#############
#.# #.
###.##### ..
#.......# #
.....#####.#
####### .....<
#.####oo.o.o.
##### #....@o#
#.###### #.#
..# ####


You could see 2 orc priests, an orc wizard and 2 orcs.

Vanquished Creatures
  Jessica (D:2)
  Terence (D:2)
  3 adders
  3 worms
  2 dart slugs (D:1)
  3 leopard geckos
  An orc (D:3)
  6 giant cockroaches
  7 goblins
  8 hobgoblins
  7 kobolds
  2 ball pythons
  9 bats
  5 frilled lizards
  6 rats
64 creatures vanquished.

Notes
Turn   | Place    | Note
-------+----------+-------------------------------------------
     0 | D:1      | Descartes the Felid Monk began the quest for the Orb.
     0 | D:1      | Reached XP level 1. HP: 10/10 MP: 2/2
    39 | D:1      | Reached skill level 3 in Stealth
   150 | D:1      | Reached XP level 2. HP: 12/14 MP: 3/3
   257 | D:1      | Reached skill level 4 in Stealth
   891 | D:1      | Reached skill level 5 in Stealth
   915 | D:1      | Reached XP level 3. HP: 12/17 MP: 4/4
  1387 | D:2      | Noticed Jessica
  1390 | D:2      | Killed Jessica
  1390 | D:2      | Reached skill level 6 in Stealth
  1595 | D:2      | Reached XP level 4. HP: 21/21 MP: 5/5
  1663 | D:2      | Noticed Terence
  1679 | D:2      | Killed Terence
  1767 | D:2      | Reached skill level 7 in Stealth
  2536 | D:3      | Reached XP level 5. HP: 18/24 MP: 6/6
  2914 | D:3      | Slain by a scorpion
  2915 | D:3      | Reached XP level 4. HP: -2/21 MP: 5/5
  3052 | D:3      | Killed from afar by an orc priest

Illustrated notes

Levels and vault maps discovered:
D:1:      lightli_arrival_statuegarden, layout_loops_corners,
          minmay_misc_feat_cross
D:2:      layout_basic, nrook_uturn, uniq_terence, uniq_jessica
D:3:      layout_loops_ring, gammafunk_ghost_mausoleum, lemuel_angel_altar

Skill      XL: |  1  2  3  4 |
---------------+-------------+-----
Stealth        | 3 5 6 7 |  7.8
Fighting       | |  3.0
Dodging        | |  4.0
Unarmed Combat | |  3.0

Action                   |  1- 3 |  4- 6 || total
-------------------------+-------+-------++-------
Melee: Unarmed           |    80 |   128 ||   208
       Bite              |     5 |    15 ||    20
 Stab: Sleeping          |    12 |     6 ||    18
Armor: Skin              |     6 |     8 ||    14
Dodge: Dodged            |    74 |    77 ||   151

Table legend: (Time is in decaauts)
 A = Elapsed time spent in this place.
 B = Non-inter-level travel time spent in this place.
 C = Inter-level travel time spent in this place.
 D = Time resting spent in this place.
 E = Time spent auto-exploring this place.
 F = Levels seen in this place.
 G = Mean time per level.
                   A        B        C        D        E       F      G
               +--------+--------+--------+--------+--------+-----+--------+
         Total |   2751 |   2722 |     29 |      0 |   2305 |   3 |  917.0 |
       Dungeon |   2751 |   2722 |     29 |      0 |   2305 |   3 |  917.0 |
               +--------+--------+--------+--------+--------+-----+--------+

Top non-repeatable levels by time:
     D:1: 1188 daAuts
     D:2: 930 daAuts
     D:3: 632 daAuts
